Map: [ESL] Hard Lead

Players

Lambo

  • Race: Zerg Zerg
  • Spawn Location: 11:00

Elazer - Winner!

  • Race: Zerg Zerg
  • Spawn Location: 5:00

Event: ESL SC2 Masters 2023 Winter (Regional)

VOD

Have the link to the VOD?

Description

Time

  • Played on: Nov. 9, 2023, 9:19 a.m.
  • Length: 13:09

All games in this series

Show
View Real Time Build Order
Export as new Build Order

Lambo Zerg 

Build Orders: Hatch First 

Get SALT Encoding   

  12  0:00  Drone  
  13  0:12  Overlord  
  13  0:18  Drone  
  14  0:30  Drone x2  
  16  0:47  Hatchery  
  15  0:51  Drone  
  15  0:54  Drone  
  17  0:57  Drone  
  18  1:08  Extractor  
  17  1:12  Spawning Pool  
  17  1:16  Drone  
  17  1:18  Drone  
  18  1:27  Drone  
  19  1:38  Drone  
  20  1:49  Drone  
  21  1:59  Zergling x2, Queen x2  
  21  2:00  Overlord  
  26  2:08  Metabolic Boost  
  26  2:09  Drone  
  26  2:10  Drone  
  28  2:20  Drone  
  28  2:21  Zergling x2  
  30  2:32  Drone x2  
  32  2:38  Hatchery  
  31  2:44  Drone  
  31  2:46  Baneling Nest  
  31  2:48  Overlord  
  31  2:54  Drone x2  
  34  3:05  Drone x2  
  34  3:07  Drone x3  
  34  3:08  Zergling x2  
  34  3:10  Zergling x2  
  40  3:15  Overlord  
  40  3:21  Queen  
  40  3:22  Drone  
  40  3:24  Drone  
  44  3:34  Baneling  
  44  3:35  Drone x2  
  44  3:38  Drone, Roach Warren  
  44  3:40  Zergling x2  
  44  3:41  Zergling x2  
  48  3:42  Zergling x4  
  48  3:46  Zergling x2  
  50  3:49  Extractor, Baneling x2  
  50  3:51  Baneling x2  
  48  3:56  Zergling x8  
  48  4:00  Queen  
  52  4:04  Zergling x2  
  52  4:07  Overlord  
  53  4:12  Overlord  
  53  4:17  Drone x4  
  57  4:25  Overlord  
  57  4:29  Drone x6  
  63  4:34  Drone  
  63  4:38  Lair  
  64  4:39  Extractor  
  64  4:40  Drone  
  64  4:41  Drone  
  64  4:44  Drone x3  
  67  4:46  Drone  
  67  4:50  Evolution Chamber  
  67  4:52  Drone  
  68  4:57  Overlord  
  68  5:02  Drone x2  
  68  5:03  Drone x3  
  68  5:04  Drone  
  73  5:07  Pneumatized Carapace, Drone x3  
  73  5:14  Roach x2  
  80  5:16  Roach  
  80  5:19  Drone  
  83  5:23  Extractor  
  83  5:24  Zerg Missile Weapons Level 1  
  83  5:25  Extractor, Drone  
  83  5:26  Extractor  
  83  5:27  Drone  
  82  5:29  Drone  
  82  5:31  Drone x3  
  86  5:38  Drone x3  
  86  5:41  Spire  
  88  5:44  Overlord  
  88  5:47  Overlord  
  88  5:49  Hatchery  
  87  5:53  Overlord  
  87  6:01  Glial Reconstitution  
  87  6:02  Overlord x2  
  86  6:05  Overseer  
  86  6:07  Roach x2  
  90  6:14  Roach x4  
  90  6:17  Overlord  
  98  6:21  Drone x2  
  98  6:24  Roach x7  
  113  6:34  Overlord x2  
  113  6:35  Overlord  
  113  6:37  Overlord x2  
  113  6:41  Overlord  
  113  6:43  Roach x2  
  113  6:44  Drone  
  118  6:58  Mutalisk x6  
  129  7:03  Mutalisk  
  129  7:05  Queen  
  129  7:07  Roach x2  
  137  7:11  Roach x3  
  143  7:18  Roach  
  143  7:19  Roach x4  
  153  7:23  Roach x3  
  153  7:27  Roach x2  
  163  7:31  Roach  
  163  7:35  Roach x5  
  174  7:45  Roach  
  174  7:48  Overlord  
  171  7:54  Overlord  
  171  7:55  Roach x2  
  174  8:02  Zerg Missile Weapons Level 2  
  174  8:04  Roach  
  172  8:07  Overlord  
  172  8:13  Roach x8  
  172  8:16  Drone x3  
  172  8:18  Ravager  
  190  8:25  Ravager  
  190  8:26  Drone x2  
  193  8:27  Extractor  
  193  8:29  Spine Crawler  
  191  8:37  Roach x4  
  191  8:39  Evolution Chamber  
  191  8:40  Spine Crawler  
  197  8:50  Roach  
  197  8:52  Overlord  
  197  8:55  Overlord  
  195  9:05  Roach x2  
  195  9:09  Zerg Ground Armor Level 1  
  199  9:11  Centrifugal Hooks  
  199  9:21  Roach x2  
  193  9:24  Roach x3  
  193  9:26  Roach  
  195  9:39  Roach x5  
  195  9:42  Roach x2  
  199  9:52  Roach x6  
  195  9:56  Roach  
  195  9:57  Roach x13  
  195  9:59  Roach x5  
  196  10:03  Roach  
  194  10:12  Ravager x2  
  196  10:15  Ravager x2  
  198  10:23  Ravager  
  199  10:34  Hatchery  
  198  10:55  Roach x2  
  198  10:56  Roach x2  
  200  11:03  Roach x7  
  196  11:05  Roach  
  196  11:06  Roach  
  196  11:09  Roach Warren  
  187  11:15  Roach x6  
  190  11:26  Ravager x2  
  190  11:27  Ravager x2  
  194  11:40  Overlord  
  194  11:50  Ravager  
  194  11:52  Roach x2  
  194  11:53  Hatchery  
  198  12:08  Overseer  
  198  12:10  Roach  
  198  12:13  Infestation Pit  
  199  12:16  Extractor  
  199  12:18  Extractor  
  190  12:23  Overlord  
  190  12:25  Overseer  
  190  12:26  Overlord  
  181  12:34  Overlord  
Show
View Real Time Build Order
Export as new Build Order

Elazer Zerg - Winner!

Build Orders: Hatch First, Lurkers, Roach Hydra 

Get SALT Encoding   

  12  0:00  Drone  
  13  0:11  Overlord  
  13  0:16  Drone  
  14  0:30  Drone x2  
  16  0:47  Hatchery  
  15  0:50  Drone  
  15  0:53  Drone  
  15  0:57  Drone  
  18  1:07  Extractor  
  17  1:12  Spawning Pool  
  17  1:15  Drone  
  17  1:20  Drone  
  18  1:27  Drone  
  19  1:41  Drone  
  20  1:48  Drone  
  21  1:59  Queen x2  
  21  2:01  Zergling x2  
  26  2:02  Overlord  
  26  2:08  Metabolic Boost  
  26  2:10  Drone  
  26  2:14  Drone  
  28  2:22  Zergling x2, Drone  
  30  2:31  Drone  
  31  2:39  Hatchery  
  31  2:41  Drone  
  31  2:43  Drone  
  32  2:45  Drone  
  33  2:52  Baneling Nest  
  33  2:54  Overlord  
  33  2:58  Drone  
  33  3:06  Overlord  
  33  3:07  Drone  
  33  3:08  Drone x2  
  36  3:15  Zergling x6  
  36  3:16  Zergling x2  
  40  3:22  Zergling x2  
  40  3:23  Zergling x2  
  42  3:30  Zergling x4  
  44  3:39  Overlord  
  44  3:40  Drone x6  
  50  3:46  Baneling  
  50  3:47  Baneling  
  49  3:50  Queen  
  49  3:52  Drone x2  
  53  4:01  Drone  
  52  4:04  Drone x3  
  54  4:12  Overlord  
  54  4:13  Drone x6  
  60  4:22  Roach Warren  
  59  4:27  Zergling x10  
  59  4:28  Baneling x2  
  64  4:35  Queen x2  
  64  4:36  Overlord  
  64  4:37  Zergling x2  
  68  4:42  Overlord  
  68  4:49  Drone x6  
  68  4:51  Extractor, Drone  
  68  4:52  Extractor  
  73  4:53  Drone  
  73  4:55  Drone x2  
  76  5:07  Drone x5  
  76  5:08  Lair  
  81  5:16  Drone  
  81  5:17  Drone x2  
  81  5:18  Extractor, Evolution Chamber  
  81  5:20  Extractor  
  81  5:23  Lair  
  81  5:24  Drone x2  
  81  5:27  Pneumatized Carapace  
  81  5:28  Drone  
  83  5:33  Overlord  
  83  5:40  Overlord  
  83  5:43  Roach x3  
  83  5:46  Zerg Missile Weapons Level 1  
  83  5:48  Overlord  
  89  5:51  Overlord  
  89  5:53  Drone, Extractor  
  89  5:54  Drone x3  
  89  5:55  Drone x2  
  94  5:57  Hatchery  
  94  6:02  Drone  
  94  6:07  Glial Reconstitution  
  94  6:08  Roach x3  
  94  6:09  Roach  
  102  6:14  Overlord  
  102  6:20  Roach x8  
  118  6:26  Drone  
  118  6:27  Overlord  
  119  6:33  Roach  
  119  6:34  Roach x2  
  119  6:38  Overlord  
  125  6:40  Roach x2  
  129  6:48  Roach x4  
  137  6:55  Roach  
  137  7:02  Roach x2  
  137  7:03  Roach x2  
  137  7:06  Overlord x3  
  144  7:09  Roach x3  
  150  7:21  Overlord  
  150  7:25  Roach x12  
  150  7:29  Extractor  
  173  7:32  Roach  
  175  7:37  Hydralisk Den  
  175  7:42  Overlord  
  175  7:44  Zerg Missile Weapons Level 2, Overlord x2  
  172  7:49  Drone x2  
  172  7:50  Drone  
  169  7:53  Roach x2  
  169  7:54  Roach  
  169  8:10  Hydralisk x11, Grooved Spines  
  189  8:13  Spore Crawler  
  189  8:19  Overlord x3  
  188  8:22  Infestation Pit  
  188  8:23  Spore Crawler  
  186  8:30  Overlord x2  
  186  8:32  Spore Crawler  
  185  8:41  Overseer  
  185  8:43  Roach x7  
  199  9:00  Muscular Augments  
  199  9:05  Hive  
  199  9:07  Lurker Den  
  198  9:11  Spine Crawler  
  198  9:13  Roach  
  199  9:19  Evolution Chamber  
  190  9:45  Roach x5  
  176  9:57  Roach  
  176  9:58  Roach x21  
  192  10:00  Zerg Ground Armor Level 1  
  192  10:02  Roach x5  
  196  10:16  Roach  
  196  10:18  Zerg Missile Weapons Level 3  
  196  10:19  Seismic Spines  
  198  10:22  Hatchery  
  177  11:09  Hydralisk x9  
  187  11:16  Roach x10  
  187  11:17  Roach x4  
  173  11:27  Roach x14  
  199  11:38  Lurker  
  199  11:39  Lurker x3  
  197  11:48  Adaptive Talons  
  197  11:52  Overseer  
  197  12:10  Lurker x2  
  191  12:49  Roach x14  
Tags
 
Add a new tag
Caveats
  • Supply blocks, unpowered buildings, or Contaminate may cause inaccurate times.
  • Supply counts are checked every 10 seconds.